 Dungeon Crawl Stone Soup version 0.16.1-7-g2c6721e (webtiles) character file.

87 RobertPalmer the Cutter (level 4, 29/29 HPs)
             Began as an Octopode Warper on Mar 29, 2015.
             Quit the game on level 2 of the Dungeon.
             The game lasted 00:02:21 (1712 turns).

RobertPalmer the Cutter (Octopode Warper)           Turns: 1712, Time: 00:02:21

Health: 29/29      AC:  1    Str: 10    XL:     4   Next: 51%
Magic:  7/7        EV: 12    Int: 15    God:
Gold:   141        SH:  0    Dex: 12    Spells: 2 memorised, 4 levels left

rFire  . . .     SeeInvis .     a - +0 short sword (flame)
rCold  . . .     Clarity  .     (no shield)
rNeg   . . .     SustAb   .     (helmet restricted)
rPois  .         Gourm    .     (no amulet)
rElec  .         Spirit   .     (no ring)
rCorr  .         Warding  .     (no ring)
rMut   .         Stasis   .     (no ring)
MR     .....                    (no ring)
Stlth  ++........               (no ring)
                                (no ring)
                                (no ring)
                                (no ring)

@: not resistant to hostile enchantments, unstealthy
A: almost no armour, amphibious, 8 rings, constrict 8, camouflage 1, gelatinous
body 1
a: no special abilities


You were on level 2 of the Dungeon.
You were very hungry.

You visited 1 branch of the dungeon, and saw 2 of its levels.

You collected 141 gold pieces.

Inventory:

Hand weapons
 a - a +0 short sword of flaming (weapon)
   (You took it off a kobold on level 1 of the Dungeon)
 g - a +0 short sword
Missiles
 e - 5 tomahawks of dispersal {=f}
Magical devices
 n - a wand of slowing (22)
   (You took it off Jessica on level 2 of the Dungeon)
Scrolls
 b - a scroll of amnesia {unknown}
 d - a scroll of blinking {!r}
 i - 2 scrolls of identify {unknown}
 l - 2 scrolls of remove curse {unknown}
 o - a scroll of fear {unknown}
Potions
 h - a potion of heal wounds {unknown}
 j - a potion of magic {unknown}
 k - a potion of curing {unknown}
 m - a potion of cure mutation {unknown}
 p - a potion of poison {unknown}
Books
 c - a book of Spatial Translocations
Comestibles
 f - 2 bread rations {@e1}


   Skills:
 - Level 2.0 Fighting
 + Level 4.6 Short Blades
 - Level 1.0 Throwing
 - Level 2.3 Dodging
 - Level 2.0 Spellcasting
 - Level 3.0 Translocations


You had 4 spell levels left.
You knew the following spells:

 Your Spells              Type           Power        Failure   Level  Hunger
b - Blink                 Tloc           N/A          12%         2    ###....
g - Apportation           Tloc           ##........   8%          1    #......


Dungeon Overview and Level Annotations

Branches:
Dungeon (2/15)

Altars:
Ashenzari


Innate Abilities, Weirdness & Mutations

You cannot wear most types of armour.
You are amphibious.
You can wear up to eight rings at the same time.
You can use your tentacles to constrict many enemies at once.
Your skin changes colour to match your surroundings (Stealth).
Your rubbery body absorbs attacks (AC +1).


Message History

You kill the giant newt!
Jessica mumbles something strange.
You hit Jessica. You burn Jessica. You grab Jessica. You squeeze Jessica.
You constrict Jessica, but do no damage.
Jessica completely misses you.
You hit Jessica. You burn Jessica. You constrict Jessica.
You kill Jessica!
n - a wand of slowing
Things that are here:
a club; a robe; a rat corpse You start resting.
You feel yourself speed up.
Unknown command.
You butcher the rat corpse.
o - a chunk of flesh {@w0}
Things that are here:
a club; a robe Eating a chunk of flesh {@w0}.
You continue eating. x2
Unknown command.
You now have 117 gold pieces (gained 10).
f - 2 bread rations {@e1} (gained 1)
o - a scroll labeled BRACEIT RYMIO You regained 5 hp, and now have 27/29 hp.
You now have 119 gold pieces (gained 2).
You open the door.
A kobold comes into view.
Found 9 gold pieces.
Found a stone staircase leading up.
A kobold is nearby!
A kobold is nearby!
A kobold is nearby!
There is an open door here.
The kobold shouts!
The kobold hits you.
You take 3 damage, and have 25/29 hp.
You hit the kobold but do no damage. You grab the kobold.
You constrict the kobold. You hit the kobold. You burn the kobold.
You kill the kobold!
No target in view!
You now have 128 gold pieces (gained 9).
You open the door.
There is an open door here.
You are feeling hungry.
p - an inky potion You regained 3 hp, and now have 28/29 hp.
A kobold comes into view. It is wielding a whip.
Found a shattered altar of Ashenzari.
Health restored: 29 A kobold is nearby!
A kobold is nearby!
A kobold is nearby!
The kobold shouts!
The kobold hits you but does no damage.
You miss the kobold. You grab the kobold. You squeeze the kobold.
You constrict the kobold. The kobold hits you with a whip.
You take 2 damage, and have 27/29 hp.
You hit the kobold. You burn the kobold.
You kill the kobold!
No target in view!
No target in view!
Things that are here:
a whip; a kobold corpse You now have 141 gold pieces (gained 13).
An adder comes into view.
Health restored: 29 An adder is nearby!
An adder is nearby!
An adder is nearby!
An adder is nearby!
The adder bites you. The adder closely misses you.
You take 4 damage, and have 25/29 hp.
You hit the adder. You burn the adder. Your grab misses the adder.
The adder closely misses you.
You closely miss the adder. You grab the adder. You constrict the adder.
The adder closely misses you.
You completely miss the adder. You constrict the adder. The adder bites you.
You are poisoned.
The adder poisons you!
You take 4 damage, and have 21/29 hp.
You hit the adder. You burn the adder.
You kill the adder!
You feel sick.
You take 1 damage, and have 20/29 hp.
No target in view!
Unknown command.
Unknown command.
Unknown command.
You start resting.
You feel sick. x3
You are no longer poisoned.
You take 2 damage, and have 18/29 hp.
You start resting.
You are feeling very hungry.
Unknown command.
You regained 6 hp, and now have 24/29 hp.
You start resting.
Health restored: 29 You start waiting.
Done waiting.

#.######### ##.###########...##
#.#.......# #...### ##.....#
#####.#####.# #...#.## ##.......
....#+#.....###.<....####........
....#_#[................'........
....###.....####.#...####........
#.........#.# #.##.## ##.......
#.(.......#.# #.#### ##.....#
###..)......# #@# ##...##
###.......# #.### ##+## #.##....#
#.#.. #.###.#.# #.#.# ## #.#
###.# #.#.# .####.# #.#
#.#.####.## ......# #.#
#........... .###### #.#
###.####.## .# #.# #.#


There were no monsters in sight!

Vanquished Creatures
  Ijyb (D:2)
  Jessica (D:2)
  2 adders (D:2)
  A giant gecko (D:1)
  8 bats
  A goblin (D:1)
  2 hobgoblins (D:1)
  4 jackals (D:1)
  2 giant cockroaches (D:1)
  3 giant newts (D:2)
  8 kobolds
  4 rats
37 creatures vanquished.

Notes
Turn   | Place    | Note
--------------------------------------------------------------
     0 | D:1      | RobertPalmer, the Octopode Warper, began the quest for the Orb.
     0 | D:1      | Reached XP level 1. HP: 14/14 MP: 3/3
   262 | D:1      | Reached XP level 2. HP: 19/19 MP: 4/4
   536 | D:1      | Reached skill level 3 in Short Blades
   893 | D:1      | Learned a level 2 spell: Blink
   915 | D:1      | Reached XP level 3. HP: 22/24 MP: 6/6
  1006 | D:2      | Noticed Ijyb
  1027 | D:2      | Killed Ijyb
  1227 | D:2      | Reached skill level 4 in Short Blades
  1273 | D:2      | Noticed Jessica
  1282 | D:2      | Reached XP level 4. HP: 21/29 MP: 7/7
  1285 | D:2      | Killed Jessica
  1416 | D:2      | Found a shattered altar of Ashenzari.
  1712 | D:2      | Quit the game

Action                   |  1- 3 |  4- 6 || total
-------------------------+-------+-------++-------
Melee: Short sword       |    77 |    11 ||    88
 Stab: Sleeping          |     1 |       ||     1
  Eat: Chunk             |       |     1 ||     1

Vault maps used:
D:1:      matt_arrival_los_fun
D:2:      ashenzari_conservatory_becter, first_bread, uniq_jessica, uniq_iyjb

Table legend:
 A = Turns spent in this place as a percentage of turns spent in the entire game.
 B = Non-inter-level travel turns spent in this place as a percentage of non-inter-level travel turns spent in the entire game.
 C = Inter-level travel turns spent in this place as a percentage of turns spent in this place.
 D = Turns resting spent in this place as a percentage of non-inter-level travel turns spent in this place.
 E = Turns spent auto-exploring this place as a percentage of non-inter-level travel turns spent in this place.
 F = Non-inter-level travel turns spent in this place divided by the number of levels of this place that you've seen.
                   A       B       C       D       E      F
               +-------+-------+-------+-------+-------+----------------------
         Total | 100.0 | 100.0 |   0.2 |   3.2 |  10.7 | 205.0
       Dungeon | 100.0 | 100.0 |   0.2 |   3.2 |  10.7 | 205.0
               +-------+-------+-------+-------+-------+----------------------

Table legend:
 A = Kills in this place as a percentage of kills in entire the game.
 B = Kills by you in this place as a percentage of kills by you in the entire game.
 C = Kills by friends in this place as a percentage of kills by friends in the entire game.
 D = Other kills in this place as a percentage of other kills in the entire game.
 E = Experience gained in this place as a percentage of experience gained in the entire game.
 F = Experience gained in this place divided by the number of levels of this place that you have seen.
                   A       B       C       D       E      F
               +-------+-------+-------+-------+-------+----------------------
         Total | 100.0 | 100.0 |  -nan |  -nan | 100.0 |  62.5
       Dungeon | 100.0 | 100.0 |  -nan |  -nan | 100.0 |  62.5
               +-------+-------+-------+-------+-------+----------------------
